 Dungeon Crawl Stone Soup version 0.24-a0-459-g225fefd530 (webtiles) character file.

Game seed: 4292579635536241541

48 Krouwed the Changer (level 3, -1/28 HPs)
             Began as a Draconian Transmuter on June 27, 2019.
             Killed by divine providence
             ... invoked by an orc priest
              (12 damage)
             ... on level 4 of the Dungeon.
             The game lasted 00:05:53 (1546 turns).

Krouwed the Changer (Draconian Transmuter)          Turns: 1546, Time: 00:05:53

Health: -1/28      AC:  6    Str: 12    XL:     3   Next: 50%
Magic:  7/7        EV: 12    Int: 14    God:
Gold:   74         SH:  0    Dex: 11    Spells: 4/7 levels left

rFire    . . .     SeeInvis .     - Unarmed
rCold    . . .     Gourm    .   (no shield)
rNeg     . . .     Faith    .   (armour unavailable)
rPois    .         Spirit   .   (helmet restricted)
rElec    .         Reflect  .   (no cloak)
rCorr    .         Harm     .   (no gloves)
MR       .....                  j - +0 pair of boots
Stlth    +.........             (no amulet)
HPRegen  0.09/turn              (no ring)
MPRegen  0.10/turn              (no ring)

@: no status effects
A: unfitting armour, cold-blooded, AC +5
a: no special abilities


You were on level 4 of the Dungeon.
You were very hungry.

You visited 1 branch of the dungeon, and saw 3 of its levels.

You collected 74 gold pieces.

Inventory:

Missiles
 a - 58 arrows
Armour
 j - a +0 pair of boots (worn)
Scrolls
 b - a scroll of enchant weapon
 f - 4 scrolls of remove curse
 i - a scroll of blinking {unknown}
 n - a scroll of fog {unknown}
Potions
 d - a potion of berserk rage {unknown}
 e - 2 potions of might
 g - a potion of heal wounds {unknown}
 h - 2 potions of flight {unknown}
 l - a potion of lignification {unknown}
 m - a potion of degeneration {unknown}
Comestibles
 c - 6 rations


   Skills:
 - Level 1.1 Fighting
 - Level 1.7 Dodging
 - Level 3.0 Unarmed Combat
 + Level 2.9 Spellcasting
 + Level 3.1 Transmutations


You had 4 spell levels left.
You knew the following spells:

 Your Spells              Type           Power        Failure   Level  Hunger
a - Beastly Appendage     Tmut           ##....       6%          1    #......
b - Sticks to Snakes      Tmut           ##......     9%          2    ##.....

Your spell library contained the following spells:

 Spells                   Type           Power        Failure   Level  Hunger
 Spider Form              Tmut/Pois      #.........   34%         3    ###....
 Ice Form                 Ice/Tmut       #.......     75%         4    #####..
 Blade Hands              Tmut           ##........   86%         5    ######.


Dungeon Overview and Level Annotations

Branches:
Dungeon (2/15)

Altars:
Wu Jian

Shops:
D:4 *


Innate Abilities, Weirdness & Mutations

Your plain brown scales are hard. (AC +5)
You cannot fit into any form of body armour.
You are cold-blooded and may be slowed by cold attacks.


Message History

The orc shouts!
You hit the orc but do no damage.
You hear a shout! x2
The orc barely misses you.
You hit the orc but do no damage. You headbutt the orc, but do no damage.
Your tail-slap misses the orc.
The orc hits you with a cursed -2 falchion.
You hit the orc.
The orc is moderately wounded.
The orc hits you from afar with a +0 trident.
An orc priest comes into view. It is wielding a +0 flail.
The orc closely misses you.
Okay, then.
Your transformation is almost over.
Your horns disappear.
The orc priest invokes the aid of Beogh against you.
Beogh smites you!
The orc priest mumbles some strange prayers to Beogh against you.
Beogh smites you!
You die...

#.............# ..... #.# #.#
#.............#.......#.# #..
#.........##..#.......#.# ###
#................._.....## #
###+##....##..#.......#..#####
#....##..#.......#.o.oo..
#######..# ..... #.######
#..####.####.# #
#.@.o.o..o...# #
#.#.....###### # #.#....## #
#.#....# # #.#....# #.#....#
#.#....# #.###### #.#


You could see an orc priest and 2 orcs.

Vanquished Creatures
  A hound skeleton (D:4)
  A dart slug (D:1)
  A ball python (D:1)
  A giant cockroach (D:1)
  3 goblins
  6 hobgoblins (D:1)
  9 bats
  3 frilled lizards (D:1)
  2 kobolds (D:1)
  2 rats (D:1)
29 creatures vanquished.

Notes
Turn   | Place    | Note
-------+----------+-------------------------------------------
     0 | D:1      | Krouwed the Draconian Transmuter began the quest for the
                  | Orb.
     0 | D:1      | Reached XP level 1. HP: 16/16 MP: 3/3
   383 | D:1      | Reached XP level 2. HP: 21/23 MP: 3/5
   535 | D:1      | Learned a level 2 spell: Sticks to Snakes
   793 | D:1      | Reached XP level 3. HP: 22/28 MP: 5/7
  1269 | D:2      | You fall into a shaft and drop 2 floors!
  1280 | D:4      | Found an ornate altar of the Wu Jian Council.
  1282 | D:4      | Found Xunnuaf's General Store.
  1546 | D:4      | Killed from afar by an orc priest

Levels and vault maps discovered:
D:1:      minmay_arrival_three_doors, layout_basic, minmay_octomino_j4
D:2:      layout_rooms, chequers_ecumenical_altar_simple_redux,
          minmay_stone_trees_medium, kennysheep_cluttered_room
D:4:      layout_basic, old_standard_altar, minmay_temple_entry_slanted,
          first_ration, serial_shops, shop

Skill      XL: |  1  2  3 |
---------------+----------+-----
Transmutations | 3 |  3.1
Fighting       | |  1.1
Dodging        | |  1.7
Unarmed Combat | |  3.0
Spellcasting   | |  2.9

Action                   || total
-------------------------++-------
Melee: Unarmed           ||   106
       Kick              ||     6
       Tailslap          ||     6
       Headbutt          ||     5
 Cast: Beastly Appendage ||    16
  Use: Scroll            ||     7
  Eat: Chunk             ||     1
Armor: Skin              ||    58
Dodge: Dodged            ||   106

Table legend:
 A = Non-vault XP
 B = Vault XP
 C = Vault XP percentage of total XP
 D = Non-vault monster count
 E = Vault monster count
 F = Vault count percentage of total count
                 A         B        C        D         E       F
            +---------+---------+-------+---------+---------+-------
      Total |      65 |       4 |   5.8 |      26 |       3 |  10.3
            +---------+---------+-------+---------+---------+-------
        D:1 |      38 |       4 |   9.5 |      21 |       3 |  12.5
        D:2 |       7 |       0 |   0.0 |       4 |       0 |   0.0
        D:4 |      20 |       0 |   0.0 |       1 |       0 |   0.0
            +---------+---------+-------+---------+---------+-------
